 Dungeon Crawl Stone Soup version 0.27.0-1-g7a089689b8 (webtiles) character file.

Game seed: 2192021003921091540

26989 grindst0ne the Fighter (level 13, -7/148 HPs)
             Began as an Ogre Hunter on July 31, 2021.
             Was an Elder of Sif Muna.
             Mangled by a large slime creature (34 damage)
             ... on level 13 of the Dungeon on Aug 1, 2021.
             The game lasted 00:59:31 (18083 turns).

grindst0ne the Fighter (Ogre Hunter)               Turns: 18083, Time: 00:59:31

Health: -7/148     AC:  9    Str: 19    XL:     13   Next: 29%
Magic:  20/20      EV: 13    Int: 15    God:    Sif Muna [****..]
Gold:   2203       SH:  5    Dex: 10    Spells: 17/22 levels left

rFire    . . .     SeeInvis .   s - +1 broad axe (elec)
rCold    + . .     Faith    .   (no shield)
rNeg     . . .     Spirit   .   z - +2 robe of Vines {NoPotionHeal Regen+++}
rPois    .         Reflect  +   (helmet restricted)
rElec    .         Harm     .   (no cloak)
rCorr    .         Rampage  .   (gloves unavailable)
Will     +....                  (boots unavailable)
Stlth    +.........             n - amulet of reflection
HPRegen  3.34/turn              o - +4 ring of protection
MPRegen  0.17/turn              D - ring of protection from cold

@: about to teleport
A: large, unfitting armour, tough skin 1
a: Renounce Religion, Channel Magic, Forget Spell, Divine Exegesis


You were on level 13 of the Dungeon.
You worshipped Sif Muna.
Sif Muna was greatly pleased with you.
You visited 1 branch of the dungeon, and saw 13 of its levels.
You also visited: Bailey.

You collected 2203 gold pieces.

Inventory:

Hand Weapons
 j - the +9 heavy crossbow "Sniper" {vorpal, Acc+∞ SInv}
   (You found it in a bailey)

   Any ammunition fired from it inflicts extra damage upon your enemies.
   Any ammunition fired from it never misses its target.
   SInv:      It lets you see invisible.
 k - a +1 hand axe of electrocution
 s - a +1 broad axe of electrocution (weapon)
 t - a +0 giant spiked club
 E - a +1 dire flail of venom
 I - a +6 war axe
Missiles
 g - 452 stones
 w - 15 large rocks (quivered)
 y - 13 poisoned darts
Armour
 z - the +2 robe of Vines (worn) {NoPotionHeal Regen+++}
   (You found it in a bailey)

   Its wearer cannot be healed by potions.
   Regen:     It increases your rate of health regeneration.
 G - a +2 robe of positive energy
 J - the +0 tower shield "Yruodualo" {rElec rF+ Str-5}
   (You took it off an orc on level 9 of the Dungeon)

   Str:       It affects your strength (-5).
   rF:        It protects you from fire.
   rElec:     It insulates you from electricity.
Jewellery
 n - an amulet of reflection (around neck)
 o - a +4 ring of protection (left hand)
 u - a ring of fire
 A - a ring of flight
 D - a ring of protection from cold (right hand)
 K - a ring of fire
 N - the amulet of Boah {RegenMP Will+ Regen+}
   (You found it on level 13 of the Dungeon)

   [amulet of magic regeneration]

   It increases your rate of magic regeneration.
   Regen:     It increases your rate of health regeneration.
   Will:      It increases your willpower.
 R - a +4 ring of evasion
Wands
 c - a wand of flame (2)
 F - a wand of mindburst (7)
 M - a wand of polymorph (8)
Scrolls
 d - a scroll of torment
 f - 3 scrolls of magic mapping
 h - 4 scrolls of teleportation
 l - a scroll of brand weapon
 r - 4 scrolls of enchant armour
 v - 3 scrolls of fear
 C - 3 scrolls of amnesia
 O - a scroll of silence
 P - a scroll of summoning
Potions
 a - 3 potions of lignification
 b - a potion of invisibility
 e - 6 potions of curing
 i - a potion of haste
 m - 2 potions of heal wounds
 p - a potion of attraction {unknown}
 q - 2 potions of berserk rage
 x - a potion of brilliance
 B - a potion of flight
 L - a potion of ambrosia
 Q - a potion of mutation {unknown}
Miscellaneous
 H - a tin of tremorstones (1/2)


   Skills:
 + Level 14.7 Fighting
 * Level 9.0 Axes
 + Level 11.0 Throwing
 + Level 10.9 Dodging
 - Level 0.6 Stealth
 - Level 5.2 Spellcasting
 - Level 1.0 Hexes
 - Level 3.0 Ice Magic


You had 17 spell levels left.
You knew the following spells:

 Your Spells              Type           Power      Damage    Failure   Level
a - Ozocubu's Armour      Ice            12%        N/A       14%         3
b - Ensorcelled Hibernat  Hex/Ice        18%        N/A       11%         2

Your spell library contained the following spells:

 Spells                   Type           Power      Damage    Failure   Level
 Frozen Ramparts          Ice            24%        1d4       14%         3
 Sandblast                Erth           6%         2d5       16%         1
 Shock                    Conj/Air       12%        1d3       16%         1
 Passwall                 Tmut/Erth      2%         N/A       24%         2
 Static Discharge         Conj/Air       3%         N/A       24%         2
 Inner Flame              Hex/Fire       5%         N/A       36%         3
 Conjure Flame            Conj/Fire      3%         6-21      43%         3
 Ignite Poison            Fire/Tmut/Pois 3%         N/A       43%         3
 Spider Form              Tmut/Pois      1%         N/A       43%         3
 Swiftness                Air            3%         N/A       43%         3
 Ice Form                 Ice/Tmut       8%         N/A       65%         4
 Summon Ice Beast         Ice/Summ       8%         N/A       65%         4
 Cause Fear               Hex            3%         N/A       71%         4
 Fulminant Prism          Conj/Hex       2%         3d6       78%         4
 Airstrike                Air            1%         N/A       85%         4
 Sticky Flame             Conj/Fire      3%         2d3       85%         4
 Metabolic Englaciation   Hex/Ice        4%         N/A       89%         5
 Yara's Violent Unravell  Hex/Tmut       2%         3d3       98%         5
 Bolt of Magma            Conj/Fire/Erth 1%         4d4       99%         5
 Lee's Rapid Deconstruct  Erth           1%         3d5*      99%         5
 Shadow Creatures         Summ           N/A        N/A       100%        6
 Simulacrum               Ice/Necr       4%         N/A       100%        6
 Discord                  Hex            3%         N/A       100%        8
 Lehudib's Crystal Spear  Conj/Erth      1%         10d2      100%        8


Dungeon Overview and Level Annotations

Branches:
Dungeon (13/15)            Temple (0/1) D:7            Lair (0/6) D:10
    Orc (0/2) D:9          Bailey (visited)
 Vaults: D:13-14

Altars:
Fedhas
Hepliaklqana
Kikubaaqudgha
Nemelex Xobeh
Sif Muna
Uskayaw
Vehumet
Beogh

Shops:
D:2 :

Annotations:
D:9 exclusion: downstairs


Innate Abilities, Weirdness & Mutations

You are too large for most types of armour.
You have tough skin. (AC +1)


Message History

Aim: a large slime creature (heavily wounded, 86% to hit)
You throw a large rock.
The large rock hits the large slime creature!!
The large slime creature is severely wounded.
The slime creature closely misses you. The slime creature barely misses you.
You block the large slime creature's attack.
The slime creature misses you.
Throw: 18 large rocks
Press: ? - help, Q - select action, (/) - cycle Shift-Dir - straight line, f/p - large slime creature
Aim: a large slime creature (severely wounded, 86% to hit)
You throw a large rock.
The large rock completely misses the large slime creature.
The slime creature closely misses you.
You block the large slime creature's attack.
The slime creature hits you but does no damage.
You block the slime creature's attack.
You block the large slime creature's attack.
Throw: 17 large rocks
Press: ? - help, Q - select action, (/) - cycle Shift-Dir - straight line, f/p - large slime creature
Aim: a large slime creature (severely wounded, 86% to hit)
You throw a large rock.
The large rock hits the large slime creature!!
The large slime creature is almost dead.
You block the slime creature's attack. x2; The large slime creature hits you!!
The slime creature hits you.
Throw: 16 large rocks
Press: ? - help, Q - select action, (/) - cycle Shift-Dir - straight line, f/p - large slime creature
Aim: a large slime creature (almost dead, 86% to hit)
You throw a large rock.
The large rock hits the large slime creature!
The large slime creature is almost dead.
You block the slime creature's attack. The large slime creature hits you!!
* * * LOW HITPOINT WARNING * * *
The slime creature hits you but does no damage.
The slime creature hits you.
* * * LOW HITPOINT WARNING * * *
You have no ailments to cure.
As you read the scroll of teleportation, it crumbles to dust.
You feel strangely unstable. The large slime creature hits you!!
You die...

#.# ....
#............... #.#
...# #...#.########..
#.# [........[...# #..
#.# #......>#.#.## #..
#.# #J##.##.#.#.. #..
##.#### #.## . .....
#.. ......# #.#
##.#.##.# #.. ##.##.#
#.#####.#. .#
##.##.######(((J@..#
##.............JJ....#
#####.################
#####.# ......#
#######


You could see a large slime creature and 2 slime creatures.

Vanquished Creatures
  Snorg (D:12)
  3 centaur warriors (D:13)
  3 boulder beetles
  A tengu warrior (D:13)
  6 two-headed ogres
  4 orc knights (Bailey)
  3 cyclopes
  A manticore (D:11)
  Joseph (D:10)
  3 gargoyles
  An unseen horror (D:12)
  2 tengu conjurers (D:13)
  6 trolls
  2 hornets
  A spriggan (D:10)
  Sigmund (D:3)
  A shadow (D:9)
  A yak (shapeshifter) (D:13)
  A basilisk (D:13)
  A wraith (D:13)
  6 humans (D:8)
  A wyvern (D:9)
  6 yaks (D:8)
  A steam dragon (D:8)
  7 vampire mosquitoes
  An acid dragon (D:10)
  2 water moccasins
  12 orc warriors
  An ice beast (D:6)
  A sky beast (D:5)
  A black bear (D:4)
  3 necrophages
  5 ogres
  4 wolves
  A hornet zombie (D:6)
  11 centaurs
  2 kobold brigands
  A bullfrog (D:8)
  A gnoll sergeant (D:11)
  A wyvern zombie (D:7)
  3 scorpions
  A water moccasin zombie (D:6)
  6 killer bees (D:9)
  5 electric eels
  A howler monkey (D:6)
  9 wights
  3 centaur zombies
  A bullfrog zombie (D:3)
  8 hounds
  2 jellies
  A centaur skeleton (D:4)
  8 orc priests
  2 gnoll shamans (D:7)
  Ijyb (D:8)
  Terence (D:3)
  Jessica (D:3)
  2 bullfrog skeletons (D:6)
  16 orc wizards
  Natasha (thrice) (D:2)
  3 iguanas
  4 howler monkey zombies
  13 gnolls
  5 adders
  2 white imps (D:8)
  An ufetubus (D:4)
  A worm (D:5)
  3 dart slugs
  46 orcs
  2 ball pythons (D:2)
  4 bats
  12 endoplasms
  2 giant cockroaches
  14 goblins
  8 hobgoblins
  11 jackals
  20 kobolds
  3 quokkas
  A frilled lizard (D:2)
  5 rats
345 creatures vanquished.

Vanquished Creatures (others)
  19 plants (D:8)
19 creatures vanquished.

Grand Total: 364 creatures vanquished

Notes
Turn   | Place    | Note
-------+----------+-------------------------------------------
     0 | D:1      | grindst0ne the Ogre Hunter began the quest for the Orb.
     0 | D:1      | Reached XP level 1. HP: 22/22 MP: 1/1
    96 | D:1      | Reached skill level 3 in Fighting
    99 | D:1      | Reached XP level 2. HP: 12/31 MP: 2/2
   808 | D:1      | Reached XP level 3. HP: 25/37 MP: 3/3
  1703 | D:2      | Found a blossoming altar of Fedhas.
  1736 | D:2      | Noticed Natasha
  1740 | D:2      | Killed Natasha
  1741 | D:2      | Reached skill level 4 in Fighting
  1741 | D:2      | Reached XP level 4. HP: 39/48 MP: 4/4
  2035 | D:2      | Noticed Natasha
  2046 | D:2      | Killed Natasha
  2096 | D:2      | Noticed Natasha
  2103 | D:2      | Killed Natasha
  2104 | D:2      | Reached XP level 5. HP: 23/55 MP: 5/5
  2425 | D:2      | Found Puledo's Book Shop.
  2429 | D:2      | Found a faded altar of an unknown god.
  2437 | D:2      | Reached skill level 5 in Throwing
  2456 | D:2      | Became a worshipper of Sif Muna the Loreminder
  2456 | D:2      | Reached * piety under Sif Muna
  3177 | D:2      | Reached skill level 5 in Fighting
  3177 | D:2      | Reached XP level 6. HP: 14/66 MP: 6/6
  3623 | D:3      | Noticed Sigmund
  3627 | D:3      | Killed Sigmund
  3678 | D:3      | Reached XP level 7. HP: 70/74 MP: 7/7
  3737 | D:3      | Found an ancient bone altar of Kikubaaqudgha.
  3760 | D:3      | Reached skill level 6 in Fighting
  3807 | D:3      | Found a radiant altar of Vehumet.
  3828 | D:3      | Found a shimmering blue altar of Sif Muna.
  4102 | D:3      | Noticed Jessica
  4108 | D:3      | Killed Jessica
  4108 | D:3      | Reached ** piety under Sif Muna
  4191 | D:3      | Noticed Terence
  4198 | D:3      | Killed Terence
  4965 | D:4      | Reached skill level 7 in Fighting
  5201 | D:4      | Reached XP level 8. HP: 87/87 MP: 8/8
  5277 | D:4      | Reached skill level 5 in Dodging
  6177 | D:4      | Found a sparkling altar of Nemelex Xobeh.
  6179 | D:4      | Found a hide-covered altar of Uskayaw.
  6329 | D:5      | Entered Level 5 of the Dungeon
  6368 | D:5      | Learned a level 3 spell: Ozocubu's Armour
  6518 | D:5      | Reached skill level 8 in Fighting
  6798 | D:5      | Learned a level 2 spell: Ensorcelled Hibernation
  6834 | D:5      | Reached skill level 1 in Spellcasting
  6955 | D:5      | Reached skill level 1 in Ice Magic
  7391 | D:6      | Reached XP level 9. HP: 67/97 MP: 10/12
  8107 | D:6      | Reached skill level 9 in Fighting
  8291 | D:6      | Noticed a two-headed ogre
  8305 | D:6      | Killed a two-headed ogre
  8305 | D:6      | Reached *** piety under Sif Muna
  8921 | D:7      | Reached skill level 1 in Hexes
  8923 | D:7      | Noticed a hornet
  8931 | D:7      | Killed a hornet
  8932 | D:7      | Reached XP level 10. HP: 110/110 MP: 12/14
  8964 | D:7      | Reached skill level 10 in Fighting
  9813 | D:7      | Found a staircase to the Ecumenical Temple.
 11196 | D:8      | Noticed Ijyb
 11220 | D:8      | Killed Ijyb
 11231 | D:8      | Reached skill level 11 in Fighting
 11304 | D:8      | Reached **** piety under Sif Muna
 11305 | D:8      | Reached skill level 10 in Throwing
 11843 | D:8      | Reached XP level 11. HP: 123/123 MP: 15/15
 12752 | D:9      | Noticed a two-headed ogre
 12867 | D:9      | Found a staircase to the Orcish Mines.
 12937 | D:9      | Killed a two-headed ogre
 12938 | D:9      | Reached skill level 12 in Fighting
 12978 | D:9      | Noticed a cyclops
 12981 | D:9      | Killed a cyclops
 13050 | D:9      | Found a flagged portal.
 13057 | Bailey   | Entered a bailey
 13057 | Bailey   | Noticed an orc knight
 13057 | Bailey   | Noticed an orc knight
 13074 | Bailey   | Killed an orc knight
 13477 | Bailey   | Killed an orc knight
 13802 | Bailey   | Noticed an orc knight
 13803 | Bailey   | Found the +2 robe of Vines {NoPotionHeal Regen+++}
 13827 | Bailey   | Killed an orc knight
 14122 | Bailey   | Noticed an orc knight
 14155 | Bailey   | Killed an orc knight
 14156 | Bailey   | Reached skill level 5 in Spellcasting
 14179 | Bailey   | Found the +9 heavy crossbow "Sniper" {vorpal, Acc+∞ SInv}
 14385 | D:9      | Identified the +0 tower shield "Yruodualo" {rElec rF+
                  | Str-5}
 14967 | D:10     | Entered Level 10 of the Dungeon
 14972 | D:10     | Noticed a two-headed ogre
 15027 | D:10     | Reached skill level 1 in Axes
 15164 | D:10     | Noticed a two-headed ogre
 15166 | D:10     | Killed a two-headed ogre
 15167 | D:10     | Reached skill level 13 in Fighting
 15174 | D:10     | Killed a two-headed ogre
 15175 | D:10     | Reached XP level 12. HP: 80/136 MP: 19/19
 15201 | D:10     | Reached ***** piety under Sif Muna
 15263 | D:10     | Found a staircase to the Lair.
 15356 | D:10     | Noticed Joseph
 15368 | D:10     | Killed Joseph
 15527 | D:10     | Paralysed by a spriggan for 2 turns
 15534 | D:10     | Paralysed by a spriggan for 5 turns
 15571 | D:10     | Found a faded altar of an unknown god.
 15574 | D:10     | Found a hazy altar of Hepliaklqana.
 15725 | D:11     | Noticed a two-headed ogre
 15729 | D:11     | Killed a two-headed ogre
 15791 | D:11     | Received a gift from Sif Muna
 15792 | D:11     | Reached skill level 5 in Axes
 15795 | D:11     | Got Sif Muna's Papyrus of Transformation and Arcane Weapons
                  | {god gift}
 16306 | D:11     | Noticed a two-headed ogre
 16316 | D:11     | Killed a two-headed ogre
 16317 | D:11     | Reached skill level 10 in Dodging
 16575 | D:12     | Noticed Snorg
 16600 | D:12     | Killed Snorg
 16625 | D:12     | Noticed a boulder beetle
 16633 | D:12     | Killed a boulder beetle
 16847 | D:12     | Reached skill level 14 in Fighting
 17111 | D:12     | Noticed a boulder beetle
 17142 | D:12     | Killed a boulder beetle
 17482 | D:13     | Identified the amulet of Boah {RegenMP Will+ Regen+}
 17540 | D:13     | Noticed a boulder beetle
 17556 | D:13     | Killed a boulder beetle
 17563 | D:13     | Reached XP level 13. HP: 146/146 MP: 20/20
 18013 | D:13     | Identified the +0 spear of Neurosis {elec, SInv}
 18083 | D:13     | Mangled by a large slime creature

Illustrated notes

Levels and vault maps discovered:
D:1:      dpeg_arrival_water_temple_mockup, layout_loops_ring,
          minmay_misc_feat_nine_boxes, minmay_indecisive_spiral
D:2:      layout_basic, serial_shops, nicolae_diamond_shop,
          hellmonk_ecumenical_altar_run_dry, basic_altar, uniq_natasha
D:3:      layout_loops_ring, palyth_temple_overflow_mages,
          kennysheep_orc_chapel, uniq_terence, uniq_sigmund, uniq_jessica
D:4:      minmay_bubble_buster, layout_loops_ring,
          nicolae_overflow_hidden_temple
D:5:      layout_loops_ring
D:6:      layout_basic
D:7:      layout_cave_pods, temple_green
D:8:      erik_cavepeople, layout_loops_ring, serial_bayou, serial_bayou_pond_d,
          serial_bayou_ford_a, serial_bayou_pond_b, serial_bayou_pond_a,
          serial_bayou_pond_c, serial_bayou_pond_a
D:9:      layout_grid_maze, hiddenorc1_lemuel, enter_bailey_3
D:10:     layout_cross, beargit_hepliaklqana_dungeon_heroes, erik_lair_island,
          uniq_joseph
D:11:     layout_grid_maze, nrook_mini_vaults
D:12:     layout_loops_cross, uniq_snorg
D:13:     layout_loops_cross, enter_trove_6

Skill      XL: |  1  2  3  4  5  6  7  8  9 10 11 12 13 |
---------------+----------------------------------------+-----
Fighting       | 3 4 5 7 8 9 11 13 14 | 14.7
Dodging        | 2 3 4 5 6 8 9 10 | 10.9
Throwing       | 5 6 7 8 10 11 | 11.0
Spellcasting   | 2 3 5 |  5.2
Ice Magic      | 1 3 |  3.0
Hexes          | 1 |  1.0
Axes           | 3 7 9 |  9.0
Stealth        | |  0.6

Action                   |  1- 3 |  4- 6 |  7- 9 | 10-12 | 13-15 || total
-------------------------+-------+-------+-------+-------+-------++-------
Melee: Short sword       |    81 |    62 |       |       |       ||   143
       Hand axe          |       |     7 |   206 |   313 |       ||   526
       Broad axe         |       |       |       |   231 |    64 ||   295
Throw: Stone             |    85 |    39 |     9 |    34 |       ||   167
       Large rock        |     8 |    11 |    16 |   130 |    28 ||   193
       Throwing net      |     2 |       |       |     5 |       ||     7
       Dart              |     1 |    18 |   121 |   201 |       ||   341
 Cast: Ozocubu's Armour  |       |       |       |     2 |       ||     2
Evoke: Wand              |       |       |    19 |    32 |       ||    51
       Tin of tremorston |       |       |       |     2 |       ||     2
  Use: Scroll            |       |       |     7 |    14 |     1 ||    22
       Potion            |       |       |     2 |    10 |       ||    12
 Stab: Held in net/web   |     1 |       |       |       |       ||     1
       Sleeping          |       |     1 |       |     1 |       ||     2
       Invisible         |       |       |       |     1 |       ||     1
Armor: Robe              |    52 |    42 |    98 |   292 |    53 ||   537
       Skin              |       |       |     5 |     5 |       ||    10
Dodge: Dodged            |    85 |    44 |   101 |   473 |    72 ||   775
Block: Other             |       |       |    23 |   210 |    34 ||   267
       Reflection        |       |       |       |    10 |     3 ||    13
